 Dungeon Crawl Stone Soup version 0.28-a0-664-gc179e30c89 (webtiles) character file.

Game seed: 10445941136622360387

532 hellse the Conjurer (level 7, -1/36 HPs)
             Began as a Deep Elf Conjurer on Oct 15, 2021.
             Shot with an arrow by a centaur (13 damage)
             ... on level 5 of the Dungeon.
             The game lasted 00:06:12 (3253 turns).

hellse the Conjurer (Deep Elf Conjurer)             Turns: 3253, Time: 00:06:13

Health: -1/36      AC:  3    Str:  4    XL:     7   Next: 3%
Magic:  12/18      EV: 13    Int: 25    God:
Gold:   177        SH:  0    Dex: 19    Spells: 12/19 levels left

rFire   . . .      SeeInvis .   h - staff of poison
rCold   . . .      Faith    .   (no shield)
rNeg    . . .      Spirit   .   a - +1 robe
rPois   +          Reflect  .   (no helmet)
rElec   .          Harm     .   (no cloak)
rCorr   .          Rampage  .   (no gloves)
Will    .....                   (no boots)
Stlth   ++........              (no amulet)
HPRegen 0.12/turn               q - +6 ring of dexterity
MPRegen 0.16/turn               (no ring)

@: no status effects
A: no striking features
a: no special abilities


You were on level 5 of the Dungeon.
You visited 1 branch of the dungeon, and saw 5 of its levels.

You collected 177 gold pieces.

Inventory:

Hand Weapons
 e - a +0 whip
 l - a +0 spear
Missiles
 f - a throwing net
Armour
 a - a +1 robe (worn)
Magical Staves
 h - a staff of poison (weapon)
Jewellery
 q - a +6 ring of dexterity (left hand)
Wands
 g - a wand of paralysis (11)
 n - a wand of iceblast (13)
Scrolls
 c - 2 scrolls of immolation
 j - 2 scrolls of teleportation
 p - a scroll of fog
Potions
 d - 2 potions of might {unknown}
 i - 2 potions of curing {unknown}
 k - a potion of invisibility {unknown}
 m - 3 potions of heal wounds {unknown}
 o - 2 potions of mutation {unknown}
 s - a potion of haste {unknown}


   Skills:
 - Level 2.4 Dodging
 - Level 2.4 Stealth
 + Level 6.6 Spellcasting
 - Level 7.5 Conjurations
 - Level 1.9 Translocations


You had 12 spell levels left.
You knew the following spells:

 Your Spells              Type           Power      Damage    Failure   Level
a - Magic Dart            Conj           100%       1d8       1%          1
b - Searing Ray           Conj           90%        2d7       1%          2
c - Iskenderun's Mystic   Conj/Tloc      31%        2d8       10%         4

Your spell library contained the following spells:

 Spells                   Type           Power      Damage    Failure   Level
 Dazzling Flash           Conj/Hex       54%        N/A       4%          3
 Fulminant Prism          Conj/Hex       13%        3d9       14%         4


Dungeon Overview and Level Annotations

Branches:
Dungeon (5/15)
 Temple: D:4-7

Altars:
Hepliaklqana
Okawaru

Shops:
D:5 ?


Message History

The orc shouts!
Casting: Magic Dart (safe; 1% risk of failure)
Confirm with . or Enter, or press ? or * to list all spells.
Aiming: Magic Dart (safe; 1% risk of failure)
Press: ? - help, Shift-Dir - straight line, f/p - orc
Aim: an orc, wielding a +0 whip (lightly wounded, 100% to hit)
The magic dart hits the orc.
The orc is almost dead.
The orc hits you with a +0 whip.
Casting: Magic Dart (safe; 1% risk of failure)
Confirm with . or Enter, or press ? or * to list all spells.
Aiming: Magic Dart (safe; 1% risk of failure)
Press: ? - help, Shift-Dir - straight line, f/p - orc
Aim: an orc, wielding a +0 whip (almost dead, 100% to hit)
The magic dart hits the orc.
You kill the orc!
A centaur comes into view.
You see here a +0 whip.
You start resting.
A centaur is nearby!
You start resting.
A centaur is nearby!
Casting: Magic Dart (safe; 1% risk of failure)
Confirm with . or Enter, or press ? or * to list all spells.
Aiming: Searing Ray (safe; 1% risk of failure)
Press: ? - help, Shift-Dir - straight line, f - centaur
Aim: a centaur, quivering arrows (wandering, hasn't noticed you, 89% to hit)
The searing ray hits the centaur.
The centaur is lightly wounded.
The centaur shouts! (Press . to maintain the ray.)
The centaur wields a +0 shortbow.
The centaur shoots an arrow.
The arrow hits you.
The searing ray hits the centaur.
The centaur is lightly wounded.
The centaur shoots an arrow.
The arrow hits you!
The searing ray hits the centaur!
The centaur is heavily wounded.
The centaur shoots an arrow.
The arrow hits you!
You die...

.... ...## .... ...#
# #..# .c.# .# . #..#
#..##..## .###
#..####.....c.. #..#
#..#...∩)....#
.#.#####..#...)###..#
##....<).)###..###c.#
.#........)##...@...#
##..#######.#..####.#
...[# #.#..# #...#
#)#..## .##.#
#)#...###.# ###>#
#.........# ....#
#........... #####
###..#.##### .####
#.##.#


You could see a centaur.

Vanquished Creatures
  A sky beast (D:5)
  2 ogres (D:5)
  A water moccasin zombie (D:5)
  A howler monkey (D:4)
  6 adders
  4 gnolls
  A white imp (D:4)
  An ufetubus (D:5)
  An adder skeleton (D:4)
  3 worms (D:2)
  6 orcs
  4 ball pythons
  8 endoplasms
  3 giant cockroaches
  2 goblins (D:1)
  9 hobgoblins
  A quokka (D:1)
  10 bats
  4 frilled lizards
  5 kobolds
  3 rats
76 creatures vanquished.

Notes
Turn   | Place    | Note
-------+----------+-------------------------------------------
     0 | D:1      | hellse the Deep Elf Conjurer began the quest for the Orb.
     0 | D:1      | Reached XP level 1. HP: 10/10 MP: 6/6
   260 | D:1      | Found a faded altar of an unknown god.
   265 | D:1      | Reached XP level 2. HP: 15/15 MP: 6/8
   336 | D:1      | Learned a level 2 spell: Searing Ray
   354 | D:1      | Reached skill level 5 in Conjurations
   816 | D:2      | Reached XP level 3. HP: 19/19 MP: 3/9
  1042 | D:2      | Reached XP level 4. HP: 24/24 MP: 4/12
  1301 | D:2      | Reached skill level 6 in Conjurations
  1621 | D:2      | Learned a level 4 spell: Iskenderun's Mystic Blast
  2051 | D:4      | Found an iron altar of Okawaru.
  2100 | D:4      | Reached skill level 1 in Translocations
  2100 | D:4      | Reached XP level 5. HP: 28/28 MP: 7/13
  2175 | D:4      | Found a hazy altar of Hepliaklqana.
  2841 | D:5      | Entered Level 5 of the Dungeon
  2841 | D:5      | Noticed a sky beast
  2848 | D:5      | Killed a sky beast
  2849 | D:5      | Reached skill level 7 in Conjurations
  2849 | D:5      | Reached XP level 6. HP: 32/32 MP: 4/14
  3033 | D:5      | Reached skill level 5 in Spellcasting
  3141 | D:5      | Noticed a water moccasin
  3152 | D:5      | Reached XP level 7. HP: 36/36 MP: 9/18
  3225 | D:5      | Found Riomam's Magic Scroll Emporium.
  3253 | D:5      | Shot with an arrow by a centaur

Illustrated notes

Levels and vault maps discovered:
D:1:      wander_arrival_estate, layout_rooms, hellmonk_ecumenical_altar_run_dry
D:2:      layout_rooms, serial_bayou_crossing
D:3:      layout_basic, mainiacjoe_overflow_cross_hatched, minmay_lizard_king
D:4:      layout_gridville, lemuel_round_altar, okawaru_metal_pillars_3
D:5:      layout_loops_ring, kennysheep_little_box, serial_shops,
          nicolae_square_shop, nicolae_shop_stone, nicolae_square_shop,
          st_stairs_11

Skill      XL: |  1  2  3  4  5  6 |
---------------+-------------------+-----
Conjurations   | 5 6 7 |  7.5
Spellcasting   | 4 6 |  6.6
Translocations | 1 |  1.9
Dodging        | |  2.4
Stealth        | |  2.4

Action                   |  1- 3 |  4- 6 |  7- 9 || total
-------------------------+-------+-------+-------++-------
Melee: Staff             |       |     1 |     3 ||     4
 Cast: Magic Dart        |    40 |    77 |     7 ||   124
       Searing Ray       |     3 |    11 |     1 ||    15
  Use: Scroll            |       |     5 |       ||     5
Armor: Robe              |       |     4 |       ||     4
Dodge: Dodged            |     4 |     6 |     1 ||    11

Table legend: (Time is in decaauts)
 A = Elapsed time spent in this place.
 B = Non-inter-level travel time spent in this place.
 C = Inter-level travel time spent in this place.
 D = Time resting spent in this place.
 E = Time spent auto-exploring this place.
 F = Levels seen in this place.
 G = Mean time per level.
                   A        B        C        D        E       F      G
               +--------+--------+--------+--------+--------+-----+--------+
         Total |   3259 |   3164 |     95 |    997 |   1735 |   5 |  651.8 |
       Dungeon |   3259 |   3164 |     95 |    997 |   1735 |   5 |  651.8 |
               +--------+--------+--------+--------+--------+-----+--------+

Top non-repeatable levels by time:
     D:4: 1015 daAuts
     D:2: 944 daAuts
     D:1: 734 daAuts
     D:5: 412 daAuts
     D:3: 152 daAuts
